 Dungeon Crawl Stone Soup version 0.16.2-12-gd0ad4c3 (webtiles) character file.

30111 Peloso the Carver (level 13, -14/122 HPs)
             Began as a Minotaur Fighter on Oct 11, 2015.
             Was the Champion of Okawaru.
             Killed from afar by a deep elf conjurer (31 damage)
             ... with a bolt of cold
             ... on level 1 of the Elven Halls.
             The game lasted 01:32:21 (17045 turns).

Peloso the Carver (Minotaur Fighter)               Turns: 17045, Time: 01:32:22

Health: -14/122    AC: 28    Str: 26    XL:     13   Next: 18%
Magic:  7/7        EV: 11    Int: 16    God:    Okawaru [******]
Gold:   231        SH:  0    Dex: 13    Spells: 0 memorised, 12 levels left

rFire  + . .     SeeInvis +     B - +7 great sword of Okawaru {flame, Noisy rElec MR+}
rCold  x x .     Clarity  .     Q - +1 plate armour
rNeg   + + .     SustAb   .     (no shield)
rPois  +         Gourm    .     (helmet restricted)
rElec  +         Spirit   .     c - +2 cloak {MR+}
rCorr  .         Warding  .     a - +2 pair of gloves (curse)
rMut   .         NoTele   +     M - +3 pair of boots of Ugife {+Fly rElec rC- rN++ Int+2}
MR     +++..                    K - amulet of regeneration
Stlth  ..........               E - ring of the Manifold Deaths {+Blink Str+3 Int+6 SInv}
                                C - ring of Zoyreppi {Fire -Tele rPois MR+ Int+3 Slay+3}

@: lethally poisoned (-14 -> -15), extremely resistant to hostile enchantments,
extremely unstealthy
A: retaliatory headbutt, horns 2
a: Heroism, Finesse, Renounce Religion, Evoke Blink, Evoke Flight


You were on level 1 of the Elven Halls.
You worshipped Okawaru.
Okawaru was exalted by your worship.
You were hungry.

You visited 4 branches of the dungeon, and saw 18 of its levels.
You visited 1 bazaar.
You also visited: Ossuary.

You collected 2212 gold pieces.
You spent 1981 gold pieces at shops.

Inventory:

Hand weapons
 g - a +2 double sword of protection
 k - a +1 falchion of electrocution
 A - a +1 short sword of flaming
 B - the +7 great sword of Okawaru (weapon) {flame, Noisy rElec MR+}
   (Okawaru gifted it to you on level 4 of the Orcish Mines)

   It has been specially enchanted to burn those struck by it, causing extra
   injury to most foes and up to half again as much damage against particularly
   susceptible opponents.
   Big, fiery blades are also staple armaments of hydra-hunters.
   It insulates you from electricity.
   It affects your resistance to hostile enchantments.
   It may make noises in combat.
 I - a +2 whip of flaming
 P - the +5 long sword of Generosity {speed, rC+ Str+2}
   (You bought it in a shop on level 9 of the Dungeon)

   Attacks with this weapon are significantly faster.
   It affects your strength (+2).
   It protects you from cold.
Armour
 a - a cursed +2 pair of gloves (worn)
 b - the -3 buckler of Gehenna {rPois rF+ rN+ rCorr Dex-3}
   (You found it on level 6 of the Dungeon)

   It affects your dexterity (-3).
   It protects you from fire.
   It protects you from poison.
   It protects you from negative energy.
   It protects you from acid and corrosion.
 c - a +2 cloak of magic resistance (worn)
 F - a +0 steam dragon armour
 M - the +3 pair of boots of Ugife (worn) {+Fly rElec rC- rN++ Int+2}
   (You bought it in a shop in a bazaar)

   It affects your intelligence (+2).
   It makes you vulnerable to cold.
   It insulates you from electricity.
   It greatly protects you from negative energy.
   It lets you fly.
 Q - a +1 plate armour (worn)
Jewellery
 t - an uncursed ring of fire
 C - the ring of Zoyreppi (left hand) {Fire -Tele rPois MR+ Int+3 Slay+3}
   (You bought it in a shop on level 4 of the Orcish Mines)

   [ring of fire]

   It enhances your fire magic, and weakens your ice magic.
   It affects your intelligence (+3).
   It affects your accuracy and damage with ranged weapons and melee attacks
   (+3).
   It protects you from fire.
   It makes you vulnerable to cold.
   It protects you from poison.
   It affects your resistance to hostile enchantments.
   It prevents most forms of teleportation.
 E - the ring of the Manifold Deaths (right hand) {+Blink Str+3 Int+6 SInv}
   (You bought it in a shop on level 4 of the Orcish Mines)

   [ring of see invisible]

   It affects your strength (+3).
   It affects your intelligence (+6).
   It enhances your eyesight.
   It lets you blink.
 K - an amulet of regeneration (around neck)
Magical devices
 o - a wand of digging (6)
Scrolls
 m - 2 scrolls of amnesia
 q - a scroll of fear
 r - 2 scrolls of enchant armour
 s - 3 scrolls of remove curse
 w - 3 scrolls of teleportation
 x - 2 scrolls of fog
 y - 3 scrolls of recharging
 H - 2 scrolls of identify
 T - a scroll of summoning
Potions
 e - 4 potions of might
 f - a potion of magic
 i - a potion of invisibility {unknown}
 j - a potion of poison {unknown}
 n - 4 potions of flight
 p - a potion of cure mutation
 u - 12 potions of curing
 v - a potion of resistance
 z - a potion of restore abilities
 D - 3 potions of haste
 G - a potion of heal wounds
Comestibles
 d - 12 bread rations
 h - 3 meat rations
 l - 6 chunks of flesh


   Skills:
 + Level 13.0 Fighting
 + Level 3.5(9.4) Short Blades
 + Level 14.2(14.4) Long Blades
 + Level 12.7 Armour
 + Level 7.4 Dodging
 + Level 1.2 Stealth
 + Level 11.1 Shields
 + Level 1.4 Invocations


You had 12 spell levels left.
You didn't know any spells.

Dungeon Overview and Level Annotations

Branches:
Dungeon (12/15)            Temple (1/1) D:4            Lair (0/8) D:8
    Orc (4/4) D:12            Elf (1/3) Orc:3

Altars:
Ashenzari
Cheibriados
Dithmenos
Elyvilon
Fedhas
Gozag
Kikubaaqudgha
Makhleb
Nemelex Xobeh
Okawaru
Qazlal
Ru
Sif Muna
Trog
Vehumet
Xom
Yredelemnul
Zin
The Shining One
Beogh

Shops:
D:3 *   D:9 *   D:12 [%   Orc:1 =   Orc:3 [   Orc:4 }=[([

Annotations:
D:4 3 runed doors
D:10 Sonja


Innate Abilities, Weirdness & Mutations

You reflexively headbutt those who attack you in melee.
You have a pair of horns on your head.


Message History

You slice the deep elf mage!! You burn the deep elf mage.
The deep elf mage is almost dead.
You hear a shout!
The deep elf mage barely misses you.
Unknown command.
You slash the deep elf mage! You burn the deep elf mage.
You kill the deep elf mage!
Okawaru accepts your kill.
Your Fighting skill increases to level 13!
Unknown command.
You slash the deep elf conjurer! You burn the deep elf conjurer.
The deep elf conjurer is heavily wounded.
The deep elf mage points at you and mumbles some strange words.
The bolt of poison hits you!
You are more poisoned.
You resist.
* * * LOW HITPOINT WARNING * * *
The deep elf conjurer gestures at you while chanting.
The bolt of cold hits you!
You feel a terrible chill!
You die...

##### #.# #'..##.#
#.e..##)#)#
#ee#..#))#
.....##.##)#
###......#)#######
....##'<....+
#..#.###### #..@)#
#ee### #.e.# #...
#.. .... .. #


You could see a deep elf death mage, a deep elf conjurer and a deep elf mage.

Vanquished Creatures
  A deep elf sorcerer (Elf:1)
  4 deep elf death magi (Elf:1)
  A centaur warrior (Orc:4)
  The ghost of Siking the Slicer, an experienced HaAs of Nemelex Xobeh (D:9)
  A deep elf knight (Elf:1)
  3 deep elf summoners (Elf:1)
  5 orc knights
  Pikel (D:7)
  2 hill giants
  A deep elf conjurer (Elf:1)
  A centaur zombie (D:11)
  Joseph (Orc:4)
  A gargoyle (D:9)
  Psyche (D:10)
  A komodo dragon (D:10)
  A demonic crawler (Elf:1)
  2 two-headed ogres
  The ghost of CcS the Slinger, an average HaHu (D:4)
  6 trolls
  2 redbacks (Elf:1)
  4 deep elf magi
  A tarantella (Elf:1)
  A wyvern (D:10)
  Eustachio (D:5)
  Grum (Orc:1)
  A hungry ghost (D:7)
  A deep elf fighter (Elf:1)
  2 wargs
  3 wolves (Orc:1)
  Edmund (D:5)
  47 orc warriors
  2 phantoms
  A black bear (D:8)
  3 sky beasts
  5 water moccasins
  A necrophage (D:7)
  2 ice beasts
  9 ogres
  15 centaurs
  Sigmund (D:5)
  Duvessa (D:7)
  A crocodile (D:8)
  5 big kobolds
  Blork the orc (D:5)
  A gnoll sergeant (D:9)
  4 giant frogs
  8 killer bees
  2 scorpions
  8 wights
  Dowan (D:7)
  6 hounds
  2 giant frog zombies
  2 crimson imps
  2 quasits
  2 centaur skeletons
  2 goliath beetles
  A giant frog skeleton (D:11)
  7 jellies
  21 orc priests
  34 orc wizards
  3 hell rats (Elf:1)
  5 worker ants
  Jessica (D:2)
  A hound zombie (D:7)
  10 mummies
  Robin (D:3)
  A river rat (D:5)
  16 gnolls
  12 adders
  2 shadow imps (D:7)
  2 giant mites (D:7)
  An ufetubus (D:5)
  A worm (D:2)
  An adder zombie (D:5)
  An adder skeleton (D:4)
  5 giant geckos
  4 oozes
  212 orcs
  2 ball pythons
  A bat zombie (D:7)
  8 giant cockroaches
  29 goblins
  41 hobgoblins
  9 jackals
  39 kobolds
  10 quokkas
  12 sheep
  24 bats
  2 giant newts (D:1)
  3 gnoll zombies (Ossuary)
  A hobgoblin zombie (Ossuary)
  2 kobold zombies (Ossuary)
  4 orc zombies
  13 rats
729 creatures vanquished.

Vanquished Creatures (others)
  An orc (Orc:4)
  9 plants (D:8)
10 creatures vanquished.

Grand Total: 739 creatures vanquished

Notes
Turn   | Place    | Note
--------------------------------------------------------------
     0 | D:1      | Peloso, the Minotaur Fighter, began the quest for the Orb.
     0 | D:1      | Reached XP level 1. HP: 19/19 MP: 1/1
    89 | D:1      | Reached skill level 4 in Armour
    94 | D:1      | Reached XP level 2. HP: 21/27 MP: 1/1
   487 | D:1      | Reached XP level 3. HP: 33/33 MP: 2/2
   896 | D:2      | Noticed Jessica
   898 | D:2      | Killed Jessica
   898 | D:2      | Reached XP level 4. HP: 37/40 MP: 2/2
   959 | D:2      | Reached skill level 1 in Dodging
  1511 | D:3      | Reached XP level 5. HP: 39/46 MP: 2/2
  1569 | D:3      | Found Zin's Purification Station.
  1572 | D:3      | Found a glowing silver altar of Zin.
  1598 | D:3      | Reached skill level 5 in Armour
  1628 | D:3      | HP: 2/47 [poisoned by a gnoll]
  1950 | D:3      | Noticed Robin
  1978 | D:3      | Killed Robin
  2481 | D:3      | Reached XP level 6. HP: 53/53 MP: 3/3
  2641 | D:4      | Found a runed door.
  2641 | D:4      | Found a runed door.
  2974 | D:4      | Noticed CcS's ghost (average HaHu)
  3005 | D:4      | Killed CcS's ghost
  3005 | D:4      | Reached skill level 5 in Fighting
  3005 | D:4      | Reached skill level 5 in Shields
  3061 | D:4      | Reached skill level 6 in Armour
  3061 | D:4      | Reached XP level 7. HP: 46/61 MP: 3/3
  3084 | D:4      | Found a shimmering altar of Xom.
  3084 | D:4      | Found a runed door.
  3095 | D:4      | Found a runed door.
  3112 | D:4      | Found a runed door.
  3127 | D:4      | Found a runed door.
  3286 | D:4      | Reached skill level 5 in Long Blades
  3403 | D:4      | Found a staircase to the Ecumenical Temple.
  3409 | Temple   | Entered the Ecumenical Temple
  3925 | D:5      | Entered Level 5 of the Dungeon
  3954 | D:5      | Noticed Sigmund
  3986 | D:5      | Killed Sigmund
  4093 | D:5      | Noticed Eustachio
  4130 | D:5      | Killed Eustachio
  4130 | D:5      | Reached XP level 8. HP: 59/69 MP: 3/3
  4178 | D:5      | Noticed Blork the orc
  4195 | D:5      | Killed Blork the orc
  4195 | D:5      | Reached skill level 7 in Armour
  4336 | D:5      | Found a bloodstained altar of Trog.
  4416 | D:5      | Found a snail-covered altar of Cheibriados.
  4469 | D:5      | Found an iron altar of Okawaru.
  4469 | D:5      | Noticed a troll
  4907 | D:4      | Killed a troll
  5004 | D:5      | Noticed Edmund
  5053 | D:5      | Killed Edmund
  5146 | D:5      | Became a worshipper of Warmaster Okawaru
  5344 | D:5      | Reached skill level 8 in Shields
  5511 | D:5      | Found a sparkling altar of Nemelex Xobeh.
  5647 | D:6      | Found a sand-covered staircase.
  5653 | Ossuary  | Entered an ossuary
  5690 | Ossuary  | Reached XP level 9. HP: 61/78 MP: 4/4
  6188 | D:6      | Acquired Okawaru's first power
  6208 | D:6      | Found a burning altar of Makhleb.
  6244 | D:6      | Reached skill level 9 in Shields
  6760 | D:6      | Got a dazzling buckler
  6771 | D:6      | Identified the cursed -3 buckler of Gehenna {rPois rF+ rN+ rCorr Dex-3} (You found it on level 6 of the Dungeon)
  7472 | D:7      | Reached skill level 1 in Short Blades
  7482 | D:7      | Noticed Pikel
  7503 | D:7      | Killed Pikel
  7503 | D:7      | Reached skill level 5 in Dodging
  7553 | D:7      | Found a basalt altar of Yredelemnul.
  7699 | D:7      | Noticed Dowan
  7699 | D:7      | Noticed Duvessa
  7715 | D:7      | Killed Duvessa
  7727 | D:7      | Reached XP level 10. HP: 19/88 MP: 4/4
  7770 | D:7      | Killed Dowan
  8099 | D:7      | Found a deep blue altar of Sif Muna.
  8099 | D:7      | Found a sparkling altar of Nemelex Xobeh.
  8219 | D:8      | Found a sacrificial altar of Ru.
  8330 | D:8      | Found a radiant altar of Vehumet.
  8617 | D:8      | Found a blossoming altar of Fedhas.
  8794 | D:8      | Found a staircase to the Lair.
  9281 | D:8      | Reached skill level 10 in Shields
  9429 | D:9      | Found Sturaz's Assorted Antiques.
  9437 | D:9      | Bought a jewelled long sword for 161 gold pieces
  9437 | D:9      | Identified the +5 long sword of Generosity {speed, rC+ Str+2} (You bought it in a shop on level 9 of the Dungeon)
  9545 | D:9      | Reached skill level 10 in Armour
  9683 | D:9      | Noticed Siking's ghost (experienced HaAs)
  9753 | D:9      | Killed Siking's ghost
 10418 | D:10     | Entered Level 10 of the Dungeon
 10421 | D:10     | Reached XP level 11. HP: 97/97 MP: 4/4
 10529 | D:10     | Noticed Psyche
 10539 | D:10     | Killed Psyche
 10539 | D:10     | Reached skill level 1 in Stealth
 10555 | D:10     | Acquired Okawaru's second power
 10812 | D:10     | Found a white marble altar of Elyvilon.
 10885 | D:10     | Noticed Sonja
 10966 | D:10     | Reached skill level 10 in Long Blades
 11394 | D:11     | Found a flickering gateway to a bazaar.
 11402 | Bazaar   | Entered a bazaar
 11402 | Bazaar   | Found Zaic's Antique Armour Emporium.
 11402 | Bazaar   | Found Guagg's Assorted Antiques.
 11402 | Bazaar   | Found Gamad's Distillery.
 11404 | Bazaar   | Found Grefur's Jewellery Shoppe.
 11406 | Bazaar   | Found Arghod's Antique Weapon Boutique.
 11407 | Bazaar   | Found Inuachonk's Assorted Antiques.
 11432 | Bazaar   | Bought a pair of ichor-stained boots for 218 gold pieces
 11438 | Bazaar   | Identified the +3 pair of boots of Ugife {+Fly rElec rC- rN++ Int+2} (You bought it in a shop in a bazaar)
 11439 | Bazaar   | Bought a runed cloak for 103 gold pieces
 11454 | Bazaar   | Bought a glowing large shield for 58 gold pieces
 11584 | D:11     | Reached skill level 10 in Fighting
 12161 | Temple   | Identified a scroll of acquirement
 12683 | D:11     | Noticed a hill giant
 12696 | D:11     | Killed a hill giant
 12711 | D:12     | Found Ghasmy's Food Boutique.
 12766 | D:12     | Found a roughly hewn altar of Beogh.
 12802 | D:12     | Reached skill level 11 in Armour
 12894 | D:12     | Noticed a hill giant
 12902 | D:12     | Killed a hill giant
 12958 | D:12     | Found a staircase to the Orcish Mines.
 12959 | D:12     | Found Isagi's Antique Armour Shop.
 12974 | Orc:1    | Entered Level 1 of the Orcish Mines
 13474 | Orc:1    | Received a gift from Okawaru
 13523 | Orc:1    | Noticed Grum
 13533 | Orc:1    | Killed Grum
 13586 | Orc:1    | Found Afrih's Jewellery Shop.
 14166 | Orc:2    | Reached skill level 1 in Invocations
 14485 | Orc:2    | Reached XP level 12. HP: 70/110 MP: 5/7
 14682 | Orc:3    | Found a staircase to the Elven Halls.
 14864 | Orc:3    | Reached skill level 12 in Long Blades
 14887 | Orc:3    | Found a roughly hewn altar of Beogh.
 15138 | Orc:3    | Found Phuosm's Armour Emporium.
 15516 | Orc:4    | Entered Level 4 of the Orcish Mines
 15715 | Orc:4    | Noticed a centaur warrior
 15734 | Orc:4    | Killed a centaur warrior
 15763 | Orc:4    | Found Zuann's Antique Armour Emporium.
 15763 | Orc:4    | Noticed Joseph
 15785 | Orc:4    | Killed Joseph
 16104 | Orc:4    | Received a gift from Okawaru
 16107 | Orc:4    | Got a smoking great sword {god gift}
 16250 | Orc:4    | Reached skill level 13 in Long Blades
 16496 | Orc:4    | Found Shryjuygu's Jewellery Emporium.
 16496 | Orc:4    | Found Reicev's Armour Shop.
 16499 | Orc:4    | Found Vexadan's Antique Weapon Boutique.
 16501 | Orc:4    | Found Kalufuh's Gadget Shoppe.
 16513 | Orc:4    | Bought the ring of Zoyreppi {Fire -Tele rPois MR+ Int+3 Slay+3} for 771 gold pieces
 16546 | Orc:4    | Identified the +7 great sword of Okawaru {flame, Noisy rElec MR+} (Okawaru gifted it to you on level 4 of the Orcish Mines)
 16553 | Orc:4    | Bought the ring of the Manifold Deaths {+Blink Str+3 Int+6 SInv} for 670 gold pieces
 16929 | Elf:1    | Entered Level 1 of the Elven Halls
 16941 | Elf:1    | Noticed a deep elf sorcerer
 16944 | Elf:1    | Noticed a deep elf death mage
 16951 | Elf:1    | Noticed a deep elf death mage
 16956 | Elf:1    | Killed a deep elf death mage
 16957 | Elf:1    | Killed a deep elf sorcerer
 16957 | Elf:1    | Received a gift from Okawaru
 16961 | Elf:1    | Killed a deep elf death mage
 16963 | Elf:1    | Noticed a deep elf death mage
 16971 | Elf:1    | Killed a deep elf death mage
 16971 | Elf:1    | Reached XP level 13. HP: 95/119 MP: 7/7
 16972 | Elf:1    | Noticed a deep elf death mage
 16977 | Elf:1    | Killed a deep elf death mage
 16977 | Elf:1    | Reached skill level 14 in Long Blades
 17045 | Elf:1    | Killed from afar by a deep elf conjurer

Action                   |  1- 3 |  4- 6 |  7- 9 | 10-12 | 13-15 || total
-------------------------+-------+-------+-------+-------+-------++-------
Melee: Long sword        |    92 |   227 |   120 |  1142 |       ||  1581
       Falchion          |       |       |   364 |   222 |       ||   586
       Short sword       |       |       |   215 |    37 |       ||   252
       Great sword       |       |       |       |    39 |    41 ||    80
Invok: Heroism           |       |       |     2 |     5 |       ||     7
  Use: Scroll            |       |    11 |    10 |    14 |       ||    35
       Potion            |       |       |     1 |     2 |       ||     3
  Eat: Chunk             |       |     7 |    13 |    28 |     1 ||    49
       Fruit             |       |       |     2 |     1 |       ||     3
       Beef jerky        |       |       |       |     2 |       ||     2
       Royal jelly       |       |       |       |     1 |       ||     1
       Meat ration       |       |       |       |     1 |       ||     1
